 Dungeon Crawl Stone Soup version 0.24.0-123-gd5b16e6ec5 (webtiles) character file.

Game seed: 1549485453548155501, levelgen mode: deterministic

532919 Amplified the Warrior (level 23, -21/215 HPs)
             Began as a Demigod Ice Elementalist on Feb 10, 2020.
             Demolished by an ettin
             ... wielding a +0 dire flail
              (36 damage)
             ... on level 5 of the Vaults on Feb 11, 2020.
             The game lasted 02:21:10 (63328 turns).

Amplified the Warrior (Demigod Ice Elementalist)   Turns: 63328, Time: 02:21:11

Health: -21/215    AC: 28    Str: 36    XL:     23   Next: 36%
Magic:  33/33      EV: 25    Int: 27    God:
Gold:   2440       SH: 18    Dex: 19    Spells: 21/30 levels left

rFire    + + .     SeeInvis .   Q - +8 double sword (slice)
rCold    + + .     Gourm    +   O - +2 shield of Resistance {rF+ rC+ MR+}
rNeg     + . .     Faith    .   U - +3 chain mail {rN+}
rPois    +         Spirit   .   (helmet restricted)
rElec    +         Reflect  .   H - +2 cloak
rCorr    +         Harm     .   a - +2 pair of gloves
MR       +++..                  Z - +2 pair of boots
Stlth    +.........             G - amulet "Etyshrofu" {Gourm Str+9}
HPRegen  0.45/turn              D - ring of the Cast Vote {rCorr Stlth+}
MPRegen  0.23/turn              C - ring "People" {rElec Str+3 Int+3 Dex-3 Slay+2}

@: mighty, brilliant, about to teleport, resistant, marked, contaminated,
glowing
A: hooves 1, horns 1, thin metallic scales 1, high mp 1
}: 3/15 runes: decaying, abyssal, gossamer
a: no special abilities


You were on level 5 of the Vaults.
You were very full.

You visited 9 branches of the dungeon, and saw 47 of its levels.
You visited the Abyss 3 times.
You visited 1 bazaar.
You also visited: Trove and Volcano.

You collected 5814 gold pieces.
You spent 3374 gold pieces at shops.

Inventory:

Hand Weapons
 k - the +9 hunting sling of Tiqoymit {flame, rF+ rC- Str+8}
   (You found it on level 5 of the Dungeon)

   It causes projectiles fired from it to burn those they strike, causing extra
   injury to most foes and up to half again as much damage against particularly
   susceptible opponents.
   It affects your strength (+8).
   It protects you from fire.
   It makes you vulnerable to cold.
 m - the +7 lajatang of Order {silver, rMut}
   (You took it off a deep elf archer on level 3 of the Elven Halls)

   It protects you from mutation.
 N - the +8 broad axe of Painful Death {freeze, SInv}
   (You found it on level 3 of the Elven Halls)

   It has been specially enchanted to freeze those struck by it, causing extra
   injury to most foes and up to half again as much damage against particularly
   susceptible opponents.
   It can also slow down cold-blooded creatures.
   It lets you see invisible.
 Q - a +8 double sword of slicing (weapon)
Missiles
 b - 238 stones
 n - 503 bolts
 p - 59 sling bullets
 E - 92 poisoned darts (quivered)
Armour
 a - a +2 pair of gloves (worn)
 d - the +3 salamander hide armour {+Rage rF++}
   (You took it off a deep elf archer on level 3 of the Elven Halls)

   It greatly protects you from fire.
   It lets you go berserk.
 y - +3 storm dragon scales
 A - the +3 leather armour of the Unseen Realm {rF- MR++ rCorr Stlth+}
   (You found it on level 1 of the Swamp)

   It makes you vulnerable to fire.
   It affects your resistance to hostile enchantments.
   It provides partial protection from all sources of acid and corrosion.
   It makes you more stealthy.
 H - a +2 cloak (worn)
 O - the +2 shield of Resistance (worn) {rF+ rC+ MR+}
   (You bought it in a shop on level 2 of the Orcish Mines)

   It protects you from fire.
   It protects you from cold.
   It affects your resistance to hostile enchantments.
 R - the +0 Maxwell's etheric cage {RegenMP+ *Contam rElec MP+4}
   (You found it in a treasure trove)

   It insulates you from electricity.
   It affects your magic capacity (+4).
   It causes magical contamination when unequipped.
 U - a +3 chain mail of positive energy (worn)
 Z - a +2 pair of boots (worn)
Jewellery
 o - an uncursed ring of protection from cold
 t - an uncursed ring of poison resistance
 C - the ring "People" (right hand) {rElec Str+3 Int+3 Dex-3 Slay+2}
   (You found it in a treasure trove)

   [ring of slaying]

   It affects your strength (+3).
   It affects your intelligence (+3).
   It affects your dexterity (-3).
   It affects your accuracy and damage with ranged weapons and melee attacks
   (+2).
   It insulates you from electricity.
 D - the ring of the Cast Vote (left hand) {rCorr Stlth+}
   (You found it in a treasure trove)

   [ring of resist corrosion]

   It provides partial protection from all sources of acid and corrosion.
   It makes you more stealthy.
 G - the amulet "Etyshrofu" (around neck) {Gourm Str+9}
   (You found it in a treasure trove)

   [amulet of the gourmand]

   It allows you to eat raw meat even when not hungry.
   It affects your strength (+9).
Wands
 g - a wand of enslavement (10)
 h - a wand of acid (9)
 v - a wand of digging (1)
 I - a wand of flame (20)
 K - a wand of paralysis (7)
 T - a wand of iceblast (33)
 Y - a wand of scattershot (3)
Scrolls
 e - 10 scrolls of identify
 i - 20 scrolls of remove curse
 q - 11 scrolls of teleportation
 P - 5 scrolls of amnesia
 W - 7 scrolls of fog
Potions
 j - 5 potions of magic
 l - 3 potions of mutation
 s - 2 potions of flight
 u - 10 potions of brilliance
 w - 5 potions of ambrosia
 B - 2 potions of might
 V - 2 potions of cancellation
Miscellaneous
 F - a lamp of fire (inert)
Comestibles
 c - 46 rations


   Skills:
 - Level 20.0 Fighting
 * Level 16.6 Long Blades
   Level 11.0 Polearms
 - Level 19.6 Slings
 - Level 12.9 Armour
 - Level 19.5 Dodging
 - Level 4.0 Stealth
 - Level 16.1 Shields
 - Level 4.0 Spellcasting
   Level 0.8 Conjurations
 - Level 4.8 Ice Magic


You had 21 spell levels left.
You knew the following spells:

 Your Spells              Type           Power        Failure   Level  Hunger
a - Confusing Touch       Hex            ###...       2%          1    None
b - Ozocubu's Armour      Chrm/Ice       ####....     3%          3    ##.....
c - Blink                 Tloc           N/A          4%          2    None
d - Spectral Weapon       Hex/Chrm       ###.....     8%          3    ##.....

Your spell library contained the following spells:

 Spells                   Type           Power        Failure   Level  Hunger
 Freeze                   Ice            ####         1%          1    None
 Magic Dart               Conj           ####         1%          1    None
 Throw Frost              Conj/Ice       #####.       1%          2    None
 Animate Skeleton         Necr           N/A          2%          1    None
 Apportation              Tloc           ###...       2%          1    None
 Beastly Appendage        Tmut           ###...       2%          1    None
 Corona                   Hex            ###....      2%          1    None
 Flame Tongue             Conj/Fire      ###..        2%          1    None
 Infusion                 Chrm           ###.         2%          1    None
 Pain                     Necr           ###.         2%          1    None
 Shock                    Conj/Air       ###.         2%          1    None
 Summon Small Mammal      Summ           ###.         2%          1    None
 Searing Ray              Conj           ####..       3%          2    None
 Call Imp                 Summ           ###.....     4%          2    None
 Corpse Rot               Necr           N/A          4%          2    None
 Passwall                 Tmut/Erth      ###.....     4%          2    None
 Poisonous Vapours        Pois/Air       ###...       4%          2    None
 Shroud of Golubria       Chrm/Tloc      ###...       4%          2    None
 Slow                     Hex            ###.....     4%          2    None
 Song of Slaying          Chrm           ###.....     4%          2    None
 Sticks to Snakes         Tmut           ###.....     4%          2    None
 Sublimation of Blood     Necr           ###.......   4%          2    None
 Swiftness                Chrm/Air       ###.....     4%          2    None
 Conjure Flame            Conj/Fire      ###.....     7%          3    ##.....
 Dazzling Spray           Conj/Hex       ###...       7%          3    ##.....
 Mephitic Cloud           Conj/Pois/Air  ###.....     7%          3    ##.....
 Static Discharge         Conj/Air       ###.....     7%          3    ##.....
 Gell's Gravitas          Tloc           ###.......   8%          3    ##.....
 Inner Flame              Hex/Fire       ###.....     8%          3    ##.....
 Lesser Beckoning         Tloc           ###.......   8%          3    ##.....
 Portal Projectile        Hex/Tloc       ###...       8%          3    ##.....
 Recall                   Summ/Tloc      N/A          8%          3    ##.....
 Regeneration             Chrm/Necr      ###.......   8%          3    ##.....
 Spider Form              Tmut/Pois      ###.......   8%          3    ##.....
 Throw Icicle             Conj/Ice       #####...     8%          4    ####...
 Ice Form                 Ice/Tmut       ####....     10%         4    ####...
 Summon Ice Beast         Ice/Summ       ####....     10%         4    ####...
 Iskenderun's Mystic Bla  Conj           ####....     17%         4    ####...
 Force Lance              Conj/Tloc      ###.....     19%         4    ####...
 Fulminant Prism          Conj/Hex       ###.......   19%         4    ####...
 Airstrike                Air            ###.......   22%         4    ####...
 Animate Dead             Necr           N/A          22%         4    ####...
 Cause Fear               Hex            ###.......   22%         4    ####...
 Leda's Liquefaction      Hex/Erth       ###.......   22%         4    ####...
 Lightning Bolt           Conj/Air       ###.......   43%         5    #####..
 Blade Hands              Tmut           ###.......   47%         5    #####..
 Borgnjor's Vile Clutch   Necr/Erth      ###.......   47%         5    #####..
 Dispel Undead            Necr           ###.....     47%         5    #####..
 Simulacrum               Ice/Necr       ####......   71%         6    #######
 Freezing Cloud           Conj/Ice/Air   ####......   77%         6    #######
 Bolt of Fire             Conj/Fire      ###.......   90%         6    #######
 Poison Arrow             Conj/Pois      ###.......   90%         6    #######
 Death Channel            Necr           ###.......   93%         6    #######
 Dispersal                Tloc           ###.......   93%         6    #######
 Statue Form              Tmut/Erth      ###......    93%         6    #######
 Dragon Form              Tmut           ###.......   100%        7    #######
 Haunt                    Necr/Summ      ###.......   100%        7    #######
 Ring of Flames           Chrm/Fire      ###.......   100%        7    #######
 Chain Lightning          Conj/Air       ###.......   100%        8    #######
 Controlled Blink         Tloc           N/A          100%        8    #######
 Disjunction              Tloc           ###.......   100%        8    #######
 Lehudib's Crystal Spear  Conj/Erth      ###.......   100%        8    #######
 Dragon's Call            Summ           ###.......   100%        9    #######
 Fire Storm               Conj/Fire      ###.......   100%        9    #######
 Glaciate                 Conj/Ice       #####.....   100%        9    #######


Dungeon Overview and Level Annotations

Branches:
Dungeon (15/15)            Temple (0/1) D:5            Lair (6/6) D:10
  Swamp (4/4) Lair:4       Spider (4/4) Lair:3        Slime (0/5) Lair:6
    Orc (2/2) D:11            Elf (3/3) Orc:2        Vaults (5/5) D:14
  Crypt (3/3) Vaults:2       Tomb (0/3) Crypt:3      Depths (5/5) D:15
    Zot (0/5) Depths:5    Volcano (visited)

Shops:
D:6 ?   D:7 [}%?%   Orc:1 }   Orc:2 %=[(   Elf:1 %}?*   Elf:2 (   Vaults:3 ?
Vaults:4 }   Depths:5 :

Portals:
Hell: Depths:3 Depths:5
Abyss: Depths:3
Pandemonium: Depths:3

Annotations:
D:10 How to get that rN+
Spider:4 Slowly shield up to par, then get studious, careful studious, Swamp with rP+
Elf:2 3 runed translucent doors
Vaults:4 Need all resistances, supercareful runes, get spellbook going
Depths:4 1 runed translucent door, Jory


Innate Abilities, Weirdness & Mutations

You have an increased reservoir of magic. (+10% MP)
You have large cloven feet.
You have a pair of small horns on your head.
You are partially covered in thin metallic scales. (AC +2)


Message History

A vault warden comes into view. It is wielding a +3 great mace.
The vault warden shouts!
An ironbrand convoker comes into view. It is wielding a -3 great mace.
A shadow dragon comes into view. x2
The shadow dragon breathes negative energy at you.
The bolt of negative energy misses you.
An ettin comes into view.
It is wielding a +0 dire flail and a +0 great mace.
Found seven items.
Unknown command.
Unknown command.
As you read the scroll of teleportation, it crumbles to dust.
You feel strangely unstable. The ironbrand convoker misses you.
You riposte.
You closely miss the ironbrand convoker.
Your headbutt misses the ironbrand convoker.
Unknown command.
A +4 scimitar of holy wrath comes into view.
The ettin hits you with a +0 dire flail!!
* * * LOW HITPOINT WARNING * * *
The ettin hits you with a +0 great mace!!!
You die...

##...###p...###...C###...##
.# #.....#....T.#......
..... #
#......TTT...#............#
#...........)#?...........#
#..........(?# p.....#
#.....#...(!)#
##...################ .
#... #(?(...#(.. #..
#}@.)...... #. #$C........
# #..pp...... #..D...#...
##....## .. .#...c. .....u
.#.... ....D... .#...
^........ p... .#......#..


You could see 2 shadow dragons, a green very ugly thing, a vault warden, an
ettin, an ironbrand convoker and a +4 scimitar of holy wrath.

Vanquished Creatures
  An ancient lich (Crypt:3)
  Boris (Crypt:3)
  the Lernaean hydra (Swamp:4)
  Frederick (Vaults:3)
  Nikola (Depths:3)
  2 bone dragons (Crypt:3)
  Jorgrun (D:15)
  3 liches
  A titan (Depths:4)
  2 deep elf blademasters (Elf:3)
  2 deep elf master archers (Elf:3)
  3 tentacled starspawn
  5 sphinxes
  10 ancient champions
  2 storm dragons
  3 tengu reavers
  A thorn hunter (Swamp:3)
  A draconian monk (Depths:5)
  2 shadow dragons
  Kirke (Spider:2)
  Donald (Vaults:3)
  8 revenants
  The ghost of
  1994 the Severer, an adept DsGl of Makhleb (Swamp:2)
  Aizul (Swamp:1)
  4 ghost moths
  7 fire giants
  9 deep elf sorcerers
  7 frost giants
  An orc warlord (D:11)
  9 vault wardens
  A deep elf elementalist (Elf:3)
  9 ghouls
  14 ironheart preservers
  A curse skull (Crypt:2)
  3 spriggan defenders (Depths:3)
  5 emperor scorpions
  A reaper (Crypt:2)
  An angel (Abyss:4)
  6 stone giants
  8 entropy weavers
  16 very ugly things
  11 vampire knights
  Nessos (Orc:2)
  A green draconian (Depths:5)
  4 deep elf demonologists
  A dire elephant (Lair:6)
  10 deep elf annihilators
  2 red draconians
  A yellow draconian (Depths:5)
  A white draconian (Depths:5)
  Snorg (D:10)
  6 eidola
  2 mummy priests (Crypt:2)
  9 spark wasps
  10 fire dragons
  A crystal guardian (Vaults:4)
  8 deep elf death magi
  2 green deaths (Swamp:4)
  13 ettins
  A death ooze (Swamp:4)
  9 jiangshi
  3 deep elf high priests
  9 yaktaur captains
  10 ice dragons
  15 ogre magi
  2 rakshasas
  5 vault guards
  A merfolk impaler (Depths:4)
  6 great orbs of eyes
  Erolcha (Orc:2)
  Fannar (D:11)
  2 catoblepae
  3 quicksilver dragon skeletons (Crypt:3)
  Erica (D:9)
  13 hydras
  A hell beast (Swamp:4)
  A shambling mangrove (Swamp:4)
  11 alligators
  13 centaur warriors
  45 two-headed ogres
  6 deep troll shamans
  4 death knights
  17 dancing weapons
  4 death yaks (Lair:6)
  2 tengu warriors (Depths:4)
  3 deep troll earth magi (Depths:3)
  A hell hog (Abyss:5)
  An orc high priest (Elf:1)
  10 vampire magi
  Urug (D:10)
  5 small abominations
  6 thrashing horrors (Abyss:5)
  3 soul eaters
  20 deep elf knights
  7 hell knights
  3 wizards
  2 salamander mystics
  2 wretched stars
  5 shadow wraiths
  60 skeletal warriors
  4 iron trolls
  A spark wasp zombie (Crypt:3)
  9 flayed ghosts
  2 fire crabs (Lair:1)
  2 glowing orange brains
  16 deep trolls
  10 swamp dragons
  An unseen horror (D:13)
  2 spriggan druids (Swamp:3)
  A spectral hydra (Swamp:2)
  4 anaconda skeletons (Crypt:3)
  A golden dragon skeleton (Crypt:3)
  21 deep elf archers
  7 ironbrand convokers
  10 orc knights
  8 harpies (Vaults:2)
  10 phantasmal warriors
  A wolf spider zombie (D:14)
  20 orb spiders
  6 necromancers
  26 wolf spiders
  A wolf spider (shapeshifter) (Elf:3)
  42 ugly things
  A worldbinder (Abyss:5)
  3 orc sorcerers
  9 salamanders
  2 manticores
  3 moths of wrath
  4 cyclopes
  63 deep elf magi
  2 fire giant skeletons (Crypt:3)
  A stone giant skeleton (Crypt:3)
  2 guardian serpents (shapeshifter)
  4 elephants (Lair:6)
  An apocalypse crab (Abyss:5)
  A salamander (shapeshifter) (Vaults:1)
  15 vault sentinels
  2 black mambas
  A smoke demon (Abyss:5)
  3 torpor snails
  A torpor snail (shapeshifter) (D:14)
  3 frost giant skeletons
  A yellow draconian zombie (Crypt:3)
  16 spiny frogs
  2 dire elephant skeletons (Crypt:3)
  8 gargoyles
  2 orange demons
  4 rime drakes
  2 kobold demonologists
  39 yaktaurs
  12 freezing wraiths
  4 komodo dragons
  2 guardian mummies
  11 demonic crawlers
  A hellwing (Abyss:5)
  A tengu conjurer (Depths:4)
  A silent spectre (Abyss:4)
  29 jumping spiders
  5 tyrant leeches
  24 hornets
  2 queen bees
  6 trolls
  A tyrant leech (shapeshifter) (Vaults:1)
  2 polar bears
  6 raiju
  34 slime creatures
  A guardian serpent zombie (Crypt:1)
  2 dream sheep (Lair:6)
  35 blink frogs
  7 bog bodies
  2 hydra skeletons (Crypt:3)
  A frost giant simulacrum (Vaults:3)
  7 hippogriffs
  9 large abominations
  2 spriggans (shapeshifter)
  75 redbacks
  7 spriggans
  7 air elementals
  14 flying skulls
  An ice dragon skeleton (Crypt:3)
  7 shadows
  35 tarantellas
  4 starcursed masses (Abyss:4)
  13 wraiths
  2 wyverns
  3 vampires
  Sigmund (D:5)
  11 water elementals
  4 hogs (Spider:2)
  37 yaks
  A neqoxec (Abyss:5)
  2 ettin skeletons
  3 basilisks
  A golden eye (Abyss:5)
  7 fire elementals
  2 hungry ghosts
  A chaos spawn (Abyss:4)
  16 vampire mosquitoes
  9 wargs
  2 human simulacra
  9 insubstantial wisps
  10 swamp worms
  A spectral spiny frog (Swamp:2)
  A water nymph zombie (Crypt:2)
  A hydra simulacrum (Swamp:2)
  A hell hound (Lair:1)
  An acid dragon (Vaults:2)
  14 water moccasins
  A floating eye (Abyss:4)
  8 porcupines
  4 swamp drakes
  32 orc warriors
  4 ice beasts (D:11)
  An alligator simulacrum (Swamp:2)
  4 necrophages
  An eye of draining (D:12)
  5 phantoms
  3 black bears
  4 sky beasts
  2 boggarts
  61 ogres
  19 wolves
  A tengu (D:9)
  11 centaurs
  2 swamp dragon skeletons (Crypt:3)
  A snapping turtle skeleton (Crypt:3)
  An elephant skeleton (Crypt:1)
  6 crocodiles
  A fire crab zombie (Crypt:2)
  5 big kobolds
  A tyrant leech simulacrum (Swamp:2)
  21 bullfrogs
  An elf skeleton (Crypt:3)
  5 earth elementals
  A draconian skeleton (Crypt:3)
  A cyclops skeleton (Crypt:1)
  A spiny frog simulacrum (Swamp:2)
  A water moccasin skeleton (Crypt:2)
  A wyvern skeleton (D:10)
  2 shapeshifter zombies
  3 scorpions
  A spriggan zombie (Crypt:3)
  9 wights
  A swamp dragon simulacrum (Swamp:2)
  37 killer bees
  4 electric eels
  3 jellies
  6 howler monkeys
  10 crimson imps
  5 hounds
  4 bullfrog zombies
  2 centaur zombies
  2 quasits
  A demonspawn zombie (Crypt:1)
  A komodo dragon simulacrum (Swamp:2)
  6 centaur skeletons
  19 orc priests
  A bullfrog skeleton (D:9)
  28 orc wizards
  Ijyb (D:4)
  An iguana (D:11)
  A demonspawn skeleton (Crypt:3)
  9 worker ants
  A killer bee zombie (D:7)
  An acid dragon skeleton (Crypt:3)
  11 mummies (Crypt:3)
  2 hound skeletons
  A worker ant zombie (D:7)
  9 gnolls
  A scorpion zombie (Crypt:3)
  A steam dragon zombie (Crypt:1)
  9 adders
  4 shadow imps
  2 oozes
  A swamp drake simulacrum (Swamp:2)
  2 adder zombies
  An adder skeleton (D:6)
  A lava snake skeleton (Crypt:1)
  6 worms
  A barachi skeleton (Crypt:3)
  3 dart slugs
  5 leopard geckos
  118 orcs
  2 ball pythons
  A bat zombie (Crypt:2)
  6 giant cockroaches
  10 goblins
  5 hobgoblins
  2 jackals (D:2)
  7 quokkas
  A river rat zombie (Crypt:1)
  6 bats
  6 frilled lizards
  A giant cockroach zombie (Crypt:1)
  A hobgoblin skeleton (Crypt:1)
  3 jackal skeletons
  20 kobolds
  A leopard gecko skeleton (D:4)
  10 rats
  2 crawling corpses (Vaults:2)
  5 plants
  5 starspawn tentacles
2107 creatures vanquished.

Vanquished Creatures (collateral kills)
  A caustic shrike (Depths:3)
  A lich (Depths:3)
  A spriggan defender (Depths:3)
  An ice dragon (Depths:3)
  An ogre mage (Vaults:2)
  A two-headed ogre (Vaults:2)
  A deep troll shaman (Depths:3)
  A hell knight (Depths:3)
  A demonic crawler (Spider:2)
  A redback (Vaults:2)
  An ogre (Vaults:2)
11 creatures vanquished.

Vanquished Creatures (others)
  2 deep elf death magi
  A thrashing horror (Abyss:5)
  A hippogriff (shapeshifter) (Depths:1)
  A water elemental (Elf:1)
  A human (D:4)
  2 slaves (D:4)
  A spectral swamp drake (Swamp:2)
  3 fungi
  2 plants
  5 starspawn tentacles
19 creatures vanquished.

Grand Total: 2137 creatures vanquished

Notes
Turn   | Place    | Note
-------+----------+-------------------------------------------
     0 | D:1      | Amplified the Demigod Ice Elementalist began the quest for
                  | the Orb.
     0 | D:1      | Reached XP level 1. HP: 14/14 MP: 5/5
     1 | D:1      | Noticed an electric eel
   238 | D:1      | Reached XP level 2. HP: 22/22 MP: 5/7
   504 | D:1      | Gained mutation: You have large cloven feet. [potion of
                  | mutation]
   504 | D:1      | Gained mutation: You are partially covered in thin metallic
                  | scales. (AC +2) [potion of mutation]
   807 | D:2      | Found an iron altar of Okawaru.
   814 | D:2      | Reached skill level 1 in Fighting
  1155 | D:2      | Found a hide-covered altar of Uskayaw.
  1200 | D:2      | Found a transporter.
  1204 | D:2      | Found a transporter.
  1210 | D:2      | Noticed a black bear
  1222 | D:2      | Found a glowing silver altar of Zin.
  1280 | D:2      | You fall into a shaft and drop 2 floors!
  1293 | D:4      | Reached XP level 3. HP: 27/28 MP: 5/8
  1379 | D:4      | Learned a level 3 spell: Ozocubu's Armour
  1386 | D:4      | Noticed Ijyb
  1395 | D:4      | Killed Ijyb
  1395 | D:4      | Reached XP level 4. HP: 25/36 MP: 2/10
  1457 | D:4      | Reached skill level 2 in Fighting
  1497 | D:4      | Found an iron altar of Okawaru.
  1815 | D:4      | Reached XP level 5. HP: 28/41 MP: 10/12
  1943 | D:4      | Found a shadowy altar of Dithmenos.
  1962 | D:4      | Noticed Pikel
  1962 | D:4      | Noticed a slave
  1962 | D:4      | Noticed a slave
  1962 | D:4      | Noticed a slave
  1962 | D:4      | Noticed Blork the orc
  1962 | D:4      | Noticed a slave
  1963 | D:4      | Noticed a wyvern
  1963 | D:4      | a slave changed into a wyvern
  1970 | D:4      | Noticed an acid dragon
  1970 | D:4      | a wyvern changed into an acid dragon
  1972 | D:4      | Noticed a human
  1972 | D:4      | an acid dragon changed into a human
  2042 | D:4      | HP: 2/42 [Pikel/iceblast (19)]
  2045 | D:4      | Noticed Pikel
  2045 | D:4      | Pikel changed into Pikel the ogre
  2083 | D:3      | Found a shattered altar of Ashenzari.
  2368 | D:2      | Found a blossoming altar of Fedhas.
  2403 | D:3      | Found a snail-covered altar of Cheibriados.
  2457 | D:2      | Noticed Pikel
  2457 | D:2      | Pikel the ogre changed into Pikel the sky beast
  2475 | D:2      | Killed Pikel the sky beast
  2535 | D:3      | Found a bloodstained altar of Trog.
  2541 | D:3      | Learned a level 2 spell: Throw Frost
  2758 | D:4      | Reached XP level 6. HP: 45/50 MP: 13/13
  2911 | D:4      | Killed a human
  3084 | D:5      | Entered Level 5 of the Dungeon
  3139 | D:5      | Noticed Sigmund
  3256 | D:6      | Reached skill level 3 in Fighting
  3428 | D:6      | Reached skill level 1 in Long Blades
  3588 | D:6      | Found Laseguh's Magic Scroll Shoppe.
  3598 | D:6      | Bought a scroll of teleportation for 39 gold pieces
  3598 | D:6      | Bought a scroll of teleportation for 39 gold pieces
  3598 | D:6      | Bought a scroll of fog for 26 gold pieces
  3805 | D:5      | Noticed Edmund
  3809 | D:5      | Noticed Edmund
  3809 | D:5      | Edmund changed into Edmund the ogre
  4041 | D:6      | Noticed a wyvern
  4041 | D:6      | an orc warrior changed into a wyvern
  4090 | D:7      | Found Dattoida's Food Shop.
  4146 | D:7      | Found Ojuphut's Magic Scroll Emporium.
  4150 | D:7      | Bought a scroll of teleportation for 39 gold pieces
  4176 | D:7      | Found Xaigum's Gadget Emporium.
  4178 | D:7      | Found Jufest's Armour Shop.
  4228 | D:7      | Reached XP level 7. HP: 57/57 MP: 15/15
  4250 | D:7      | Found a hazy altar of Hepliaklqana.
  4322 | D:7      | Found an ancient bone altar of Kikubaaqudgha.
  4322 | D:7      | Found a shimmering blue altar of Sif Muna.
  4407 | D:7      | Reached skill level 4 in Fighting
  4435 | D:7      | Found Nafukarr's Food Emporium.
  4496 | D:6      | Reached skill level 1 in Armour
  4660 | D:5      | Got an ebony hunting sling
  4661 | D:5      | Identified the +9 hunting sling of Tiqoymit {flame, rF+ rC-
                  | Str+8} (You found it on level 5 of the Dungeon)
  4744 | D:4      | Noticed Blork
  4744 | D:4      | Blork the orc changed into Blork the worm
  4748 | D:4      | Killed Blork the worm
  4770 | D:3      | Reached skill level 1 in Slings
  4770 | D:3      | Reached XP level 8. HP: 66/66 MP: 17/17
  4878 | D:3      | Found a glowing golden altar of the Shining One.
  5632 | D:5      | Killed Sigmund
  5632 | D:5      | Reached skill level 5 in Slings
  5816 | D:5      | Killed Edmund the ogre
  5965 | D:5      | Found a staircase to the Ecumenical Temple.
  6391 | D:7      | Reached XP level 9. HP: 71/71 MP: 18/18
  7599 | D:9      | Noticed Maurice
  7605 | D:9      | Noticed Maurice
  7605 | D:9      | Maurice changed into Maurice the tengu
  7609 | D:9      | Killed Maurice the tengu
  7942 | D:9      | Noticed Erica
  7950 | D:9      | Killed Erica
  7950 | D:9      | Reached skill level 10 in Slings
  7950 | D:9      | Reached XP level 10. HP: 62/79 MP: 19/19
  8023 | D:9      | Found a radiant altar of Vehumet.
  8700 | D:10     | Entered Level 10 of the Dungeon
  8757 | D:10     | Found a staircase to the Lair.
  8757 | D:10     | You fall into a shaft and drop 1 floor!
  8757 | D:11     | Found a flickering gateway to a bazaar.
  8972 | D:11     | Found a snail-covered altar of Cheibriados.
  8987 | D:11     | Found a staircase to the Orcish Mines.
  9142 | D:11     | Noticed Fannar
  9147 | D:11     | Killed Fannar
  9285 | D:11     | Noticed a two-headed ogre
  9289 | D:11     | Killed a two-headed ogre
  9558 | D:11     | Reached XP level 11. HP: 85/85 MP: 20/20
  9802 | Bazaar   | Entered a bazaar
  9804 | Bazaar   | Found Cituom's Antique Weapon Boutique.
  9808 | Bazaar   | Found Loijeodi's Antique Weapon Boutique.
  9808 | Bazaar   | Found Julujod's Gadget Boutique.
  9809 | Bazaar   | Found Puomuo's Antique Armour Boutique.
  9847 | Bazaar   | Bought a faintly glowing leather armour for 168 gold pieces
  9847 | Bazaar   | Bought a brightly glowing robe for 136 gold pieces
  9853 | Bazaar   | Bought a pitted war axe for 161 gold pieces
  9863 | Bazaar   | Identified the +0 leather armour of Too Many Cooks {-Cast
                  | Int+5 Dex+3} (You bought it in a shop in a bazaar)
  9873 | Bazaar   | Identified the +1 robe of the Ecumenical Temple {Regen+
                  | Int+4 Dex-2} (You bought it in a shop in a bazaar)
  9883 | Bazaar   | Identified the +7 war axe "Demigod's Death" {chop, rN+
                  | Str+10 Int-5} (You bought it in a shop in a bazaar)
 10034 | D:12     | Reached skill level 5 in Fighting
 10344 | D:12     | Reached skill level 6 in Fighting
 10348 | D:12     | Noticed a skeletal warrior
 10350 | D:12     | Noticed a skeletal warrior
 10350 | D:12     | Noticed a skeletal warrior
 10425 | Orc:1    | Entered Level 1 of the Orcish Mines
 10569 | Orc:1    | Reached skill level 5 in Dodging
 10580 | Orc:1    | Noticed a two-headed ogre
 10586 | Orc:1    | Killed a two-headed ogre
 10586 | Orc:1    | Reached skill level 5 in Armour
 10618 | Orc:1    | Noticed an orc warlord
 10785 | D:10     | Found a portal to a secret trove of treasure.
 10887 | D:7      | Bought a +1 pair of gloves for 126 gold pieces
 10987 | D:10     | Noticed a two-headed ogre
 10991 | D:10     | Killed a two-headed ogre
 10991 | D:10     | Reached skill level 7 in Fighting
 11131 | D:10     | Noticed Urug
 11140 | D:10     | Killed Urug
 11296 | D:10     | Noticed Snorg
 11304 | D:10     | Killed Snorg
 11559 | D:10     | Reached XP level 12. HP: 99/99 MP: 21/21
 12000 | Lair:1   | Entered Level 1 of the Lair of Beasts
 12360 | Lair:1   | Found a transporter.
 12376 | Lair:1   | Noticed a six-headed hydra
 12390 | Lair:1   | Killed a six-headed hydra
 12485 | Lair:1   | Reached skill level 8 in Fighting
 12871 | Lair:1   | Found a transporter.
 13393 | Lair:2   | Found a shimmering altar of Xom.
 14208 | Lair:3   | Reached skill level 9 in Fighting
 14292 | Lair:3   | Found a hole to the Spider Nest.
 15312 | Lair:4   | Found a staircase to the Swamp.
 15426 | Lair:5   | Reached XP level 13. HP: 87/110 MP: 22/22
 15529 | Lair:5   | Found a dark tunnel.
 15607 | Volcano  | Entered a volcano
 15643 | Volcano  | Found a radiant altar of Vehumet.
 15644 | Volcano  | Noticed a red draconian
 15690 | Volcano  | Killed a red draconian
 15770 | Volcano  | Reached skill level 10 in Fighting
 16655 | Lair:6   | Entered Level 6 of the Lair of Beasts
 16655 | Lair:6   | Found a staircase to the Slime Pits.
 16655 | Lair:6   | Found a viscous altar of Jiyva.
 16929 | Lair:6   | Reached skill level 10 in Dodging
 17301 | Lair:6   | Reached skill level 10 in Armour
 17438 | Lair:6   | Reached skill level 11 in Fighting
 17495 | Lair:6   | Noticed a dire elephant
 17505 | Lair:6   | Killed a dire elephant
 17731 | Lair:6   | Reached XP level 14. HP: 124/124 MP: 24/24
 18092 | Orc:1    | Cast into level 2 of the Abyss (orc warlord)
 18092 | Abyss:2  | Found a hazy altar of Hepliaklqana.
 18092 | Abyss:2  | Found a snail-covered altar of Cheibriados.
 18092 | Abyss:2  | Found a shimmering blue altar of Sif Muna.
 18092 | Abyss:2  | Found a bloodstained altar of Trog.
 18092 | Abyss:2  | Found an iron altar of Okawaru.
 18092 | Abyss:2  | Found a white marble altar of Elyvilon.
 18092 | Abyss:2  | Found a sparkling altar of Nemelex Xobeh.
 18092 | Abyss:2  | Found a glowing golden altar of the Shining One.
 18092 | Abyss:2  | Found a hide-covered altar of Uskayaw.
 18092 | Abyss:2  | Found an ornate altar of the Wu Jian Council.
 18092 | Abyss:2  | Found a shattered altar of Ashenzari.
 18092 | Abyss:2  | Found an ancient bone altar of Kikubaaqudgha.
 18092 | Abyss:2  | Found a basalt altar of Yredelemnul.
 18092 | Abyss:2  | Found a glowing silver altar of Zin.
 18092 | Abyss:2  | Found a shimmering altar of Xom.
 18092 | Abyss:2  | Found a shadowy altar of Dithmenos.
 18092 | Abyss:2  | Found a stormy altar of Qazlal.
 18092 | Abyss:2  | Found a burning altar of Makhleb.
 18115 | Orc:1    | Escaped the Abyss
 18128 | D:11     | Killed an orc warlord
 18471 | Orc:1    | Found Roekithrirev's Gadget Shoppe.
 18509 | Orc:2    | Entered Level 2 of the Orcish Mines
 18668 | Orc:2    | Found a staircase to the Elven Halls.
 18684 | Orc:2    | Noticed Nessos
 18691 | Orc:2    | Killed Nessos
 18742 | Orc:2    | Noticed Erolcha
 18751 | Orc:2    | Killed Erolcha
 18992 | Orc:2    | Found Xehirael's Weapon Boutique.
 18992 | Orc:2    | Found Sinwich's Antique Armour Shoppe.
 18994 | Orc:2    | Found Coxzylyr's Jewellery Shoppe.
 18994 | Orc:2    | Found Diffuax's Food Shop.
 19549 | D:12     | Reached skill level 12 in Fighting
 20655 | D:13     | Identified a scroll of acquirement
 21001 | D:13     | Noticed a storm dragon
 21020 | D:13     | Killed a storm dragon
 21583 | D:14     | Reached XP level 15. HP: 127/134 MP: 25/25
 21749 | D:14     | Found a gate to the Vaults.
 22358 | D:15     | Entered Level 15 of the Dungeon
 22614 | D:15     | Reached skill level 13 in Fighting
 22835 | D:15     | Found a staircase to the Depths.
 22835 | D:15     | Noticed a fire giant
 22862 | D:15     | Killed a fire giant
 23242 | D:15     | Noticed Jorgrun
 23255 | D:15     | Killed Jorgrun
 23851 | Orc:2    | Bought the +2 shield of Resistance {rF+ rC+ MR+} for 1315
                  | gold pieces
 23851 | Orc:2    | Found the +2 shield of Resistance {rF+ rC+ MR+}
 23851 | Orc:2    | Bought a shadowed robe for 182 gold pieces
 23851 | Orc:2    | Identified the +1 robe "Luvok" {Int+2} (You bought it in a
                  | shop on level 2 of the Orcish Mines)
 24011 | Elf:1    | Entered Level 1 of the Elven Halls
 24018 | Elf:1    | Reached skill level 1 in Shields
 24384 | Elf:1    | Found Loej's Assorted Antiques.
 24384 | Elf:1    | Found Totuilou's Food Boutique.
 24385 | Elf:1    | Found Obolei's Magic Scroll Shop.
 24389 | Elf:1    | Bought a scroll of teleportation for 39 gold pieces
 24389 | Elf:1    | Bought a scroll of blinking for 97 gold pieces
 24389 | Elf:1    | Bought a scroll of teleportation for 39 gold pieces
 24389 | Elf:1    | Found Uffuf's Gadget Boutique.
 24392 | Elf:1    | Bought a scroll labeled VAFEGAIWONI for 35 gold pieces
 25686 | Elf:1    | Reached skill level 14 in Fighting
 25701 | Elf:1    | Reached skill level 5 in Shields
 26270 | Swamp:1  | Entered Level 1 of the Swamp
 26376 | Spider:1 | Entered Level 1 of the Spider Nest
 26575 | Lair:3   | Reached XP level 16. HP: 137/146 MP: 26/26
 28103 | Spider:2 | Noticed Kirke
 28751 | Spider:2 | Killed Kirke
 28899 | Spider:2 | Reached skill level 15 in Fighting
 30675 | Spider:4 | Entered Level 4 of the Spider Nest
 31331 | Spider:4 | Reached skill level 10 in Shields
 31358 | Spider:4 | Reached XP level 17. HP: 113/158 MP: 3/27
 31452 | Spider:4 | Reached skill level 16 in Fighting
 32261 | Spider:4 | Got a gossamer rune of Zot
 32708 | Orc:2    | Bought an uncursed ring of poison resistance for 260 gold
                  | pieces
 32936 | Swamp:1  | Noticed Aizul
 32962 | Swamp:1  | Killed Aizul
 33239 | Swamp:1  | Got a heavily runed leather armour
 33240 | Swamp:1  | Identified the +3 leather armour of the Unseen Realm {rF-
                  | MR++ rCorr Stlth+} (You found it on level 1 of the Swamp)
 34235 | Swamp:2  | Found a runed translucent gate.
 34235 | Swamp:2  | Found a runed translucent gate.
 34235 | Swamp:2  | Found a runed translucent gate.
 34239 | Swamp:2  | Noticed 1994's ghost (adept DsGl)
 35563 | Swamp:4  | Entered Level 4 of the Swamp
 35745 | Swamp:4  | Reached skill level 17 in Fighting
 36627 | Swamp:4  | Noticed the 27-headed Lernaean hydra
 36845 | Swamp:4  | Killed the 27-headed Lernaean hydra
 37088 | Swamp:4  | Got a decaying rune of Zot
 37453 | Vaults:1 | Entered Level 1 of the Vaults
 37537 | Vaults:1 | Reached XP level 18. HP: 170/170 MP: 28/28
 38284 | Vaults:1 | Reached skill level 18 in Fighting
 39292 | Vaults:2 | Found a staircase to the Crypt.
 39292 | Vaults:2 | Found an ancient bone altar of Kikubaaqudgha.
 39293 | Vaults:2 | Found a basalt altar of Yredelemnul.
 39801 | Vaults:2 | Reached skill level 15 in Shields
 40364 | Vaults:2 | Reached XP level 19. HP: 179/179 MP: 29/29
 41241 | Vaults:3 | Found Alesitto's Magic Scroll Shop.
 41244 | Vaults:3 | Bought a scroll of teleportation for 33 gold pieces
 41244 | Vaults:3 | Bought a scroll of blinking for 82 gold pieces
 41244 | Vaults:3 | Bought a scroll of teleportation for 33 gold pieces
 41244 | Vaults:3 | Bought a scroll of blinking for 82 gold pieces
 41244 | Vaults:3 | Bought a scroll of fog for 22 gold pieces
 41244 | Vaults:3 | Bought a scroll of teleportation for 33 gold pieces
 41701 | Vaults:3 | Noticed Donald
 42056 | Vaults:3 | Reached skill level 15 in Dodging
 42209 | Vaults:3 | Noticed Frederick
 42223 | Vaults:3 | Killed Frederick
 42639 | Vaults:3 | Reached skill level 15 in Slings
 43275 | Vaults:3 | Killed Donald
 43400 | Vaults:4 | Found Nochio Enoli's Gadget Boutique.
 43721 | Vaults:4 | Reached skill level 1 in Polearms
 44199 | Vaults:4 | Found an opulent altar of Gozag.
 44533 | Vaults:4 | Reached XP level 20. HP: 189/189 MP: 30/30
 45239 | Swamp:2  | Killed 1994's ghost
 46011 | Elf:2    | Reached skill level 5 in Polearms
 46475 | Elf:2    | Found Lautat's Antique Weapon Shoppe.
 46554 | Elf:2    | Found a runed translucent gate.
 46555 | Elf:2    | Found a runed translucent gate.
 46564 | Elf:2    | Found a runed translucent gate.
 46695 | Elf:3    | Entered Level 3 of the Elven Halls
 47439 | Elf:3    | Identified the +4 chain mail of the First Snow {*Contam
                  | Str+3 Int+2} (You found it on level 3 of the Elven Halls)
 47693 | Elf:3    | Learned a level 1 spell: Confusing Touch
 47823 | Elf:3    | Identified the +2 plate armour of Dutemp {rPois rF+ Slay+3}
 48346 | Elf:3    | Identified Ynirez's Almanac of Ghastly Shape Shifting
 48348 | Elf:3    | Identified the Incunabulum of Lucky Dark Secrets
 48350 | Elf:3    | Identified the Collected Works on Dislocation
 48454 | Elf:3    | Identified the +8 broad axe of Painful Death {freeze, SInv}
                  | (You found it on level 3 of the Elven Halls)
 48461 | Elf:3    | Identified the cursed +2 hand axe "Jili" {chop, Fragile
                  | rPois MR+++} (You found it on level 3 of the Elven Halls)
 48471 | Elf:3    | Identified the +3 war axe of the Genius {drain, Fragile
                  | rPois rF++ Dex+4} (You found it on level 3 of the Elven
                  | Halls)
 48738 | Depths:1 | Entered Level 1 of the Depths
 48840 | Depths:2 | Reached skill level 19 in Fighting
 49056 | Depths:2 | You fall into a shaft and drop 2 floors!
 49084 | Depths:4 | Found a runed translucent door.
 49090 | Depths:4 | Noticed a golden dragon
 49143 | Depths:4 | Noticed a caustic shrike
 49540 | Depths:3 | Found a gateway to Hell.
 49666 | Depths:5 | Entered Level 5 of the Depths
 49805 | Depths:5 | Found Hunt's Book Shop.
 50032 | Depths:5 | Reached skill level 5 in Long Blades
 50032 | Depths:5 | Reached XP level 21. HP: 149/198 MP: 31/31
 50180 | Depths:5 | Got a bloodstained robe
 50342 | Depths:5 | Reached skill level 10 in Polearms
 50697 | Depths:5 | Found a gate to the Realm of Zot.
 50865 | Depths:5 | Identified the +1 robe of Ru's Outrage {*Slow rElec Regen+}
                  | (You found it on level 5 of the Depths)
 51968 | Depths:4 | Noticed Jory
 53083 | Depths:3 | Found a one-way gate leading to the halls of Pandemonium.
 53441 | Depths:3 | Found a one-way gate to the infinite horrors of the Abyss.
 53674 | Depths:3 | Noticed a caustic shrike
 53869 | Depths:3 | Killed a caustic shrike
 54035 | Depths:3 | Noticed Nikola
 54064 | Depths:3 | Killed Nikola
 54075 | Depths:3 | Reached skill level 10 in Long Blades
 55003 | Elf:1    | Bought a scroll of enchant weapon for 97 gold pieces
 55003 | Elf:1    | Bought a scroll of enchant weapon for 97 gold pieces
 55176 | D:6      | Bought a scroll of enchant weapon for 97 gold pieces
 55176 | D:6      | Bought a scroll of enchant weapon for 97 gold pieces
 55295 | D:10     | You paid a toll of a +7 demon trident to enter a treasure
                  | trove
 55296 | Trove    | Entered a treasure trove
 55325 | Trove    | Found the +0 Maxwell's etheric cage {RegenMP+ *Contam rElec
                  | MP+4}
 55343 | Trove    | Got an ancient marble ring
 55345 | Trove    | Got a slimy turquoise ring
 55347 | Trove    | Got a brightly glowing garnet amulet
 55349 | Trove    | Got a faintly glowing brass ring
 55386 | Trove    | Got a pair of fine boots
 55418 | D:10     | Identified the +0 pair of boots "Anoezunk" {Stlth+} (You
                  | found it in a treasure trove)
 55443 | D:10     | Identified the ring "People" {rElec Str+3 Int+3 Dex-3
                  | Slay+2} (You found it in a treasure trove)
 55445 | D:10     | Identified the ring of the Cast Vote {rCorr Stlth+} (You
                  | found it in a treasure trove)
 55447 | D:10     | Identified the amulet "Etyshrofu" {Gourm Str+9} (You found
                  | it in a treasure trove)
 55449 | D:10     | Identified the ring of Viklel {AC+3 Str+4} (You found it in
                  | a treasure trove)
 55908 | Crypt:1  | Entered Level 1 of the Crypt
 55948 | Crypt:1  | Learned a level 2 spell: Blink
 55952 | Crypt:1  | Learned a level 3 spell: Spectral Weapon
 56157 | Crypt:1  | Reached XP level 22. HP: 151/206 MP: 32/32
 57624 | Crypt:3  | Entered Level 3 of the Crypt
 57934 | Crypt:3  | Identified the Compendium of the Hidden Dances
 58421 | Crypt:3  | Noticed Boris
 58443 | Crypt:3  | Killed Boris
 58919 | Crypt:3  | Found a basalt altar of Yredelemnul.
 59194 | Crypt:3  | Noticed an ancient lich
 59199 | Crypt:3  | Cast into level 5 of the Abyss (an ancient lich)
 59199 | Abyss:5  | Entered Level 5 of the Abyss
 59323 | Abyss:5  | Reached skill level 20 in Fighting
 59390 | Crypt:3  | Escaped the Abyss
 59834 | Crypt:3  | Found a staircase to the Tomb.
 59947 | Crypt:3  | Killed an ancient lich
 59991 | Crypt:3  | Identified Kikubaaqudgha's Handbook of Darkness
 60843 | Crypt:2  | Identified the +6 spear of the Inferno {flame, Stlth+}
 61173 | Crypt:2  | Reached XP level 23. HP: 215/215 MP: 33/33
 61205 | Crypt:2  | Reached skill level 15 in Long Blades
 61658 | Crypt:2  | Identified the +5 trident of the Big Fish {flame, Int+2
                  | Dex+4}
 61695 | Crypt:2  | Found an ancient bone altar of Kikubaaqudgha.
 61811 | Crypt:2  | Found an ancient bone altar of Kikubaaqudgha.
 62906 | Vaults:5 | Entered Level 5 of the Vaults
 62910 | Vaults:5 | Cast into level 3 of the Abyss (vault warden)
 62960 | Abyss:4  | Found a snail-covered altar of Cheibriados.
 63184 | Abyss:4  | Got an abyssal rune of Zot
 63248 | Abyss:4  | Paralysed by accursed screaming for 2 turns
 63264 | Vaults:5 | Escaped the Abyss
 63309 | Vaults:5 | Identified the +8 rapier "Nedipust" {vamp, rN+}
 63311 | Vaults:5 | Gained mutation: You have a pair of small horns on your
                  | head. [mutagenic glow]
 63328 | Vaults:5 | Demolished by an ettin

Levels and vault maps discovered:
D:1:      arrival_aquarium_a, layout_loops_corners
D:2:      minmay_inner_zag, layout_rooms, lemuel_coloured_pillars_altar,
          gammafunk_temple_overflow_arena, nicolae_overflow_crystal_walls,
          lemuel_doored_altar
D:3:      layout_rooms, marbit_many_paths, ashenzari_conservatory_becter,
          tso_metal_star, cheibriados_altar_1, kennysheep_potato
D:4:      layout_loops_corners, old_standard_altar, first_ration,
          hangedman_glass_teeth, okawaru_ov_weapons_minmay, uniq_pikel,
          uniq_blork_the_orc, uniq_ijyb
D:5:      layout_cave_pools, minmay_temple_entry_enclosed_plants, uniq_edmund,
          uniq_sigmund
D:6:      layout_gridville, serial_shops, shop, serial_park_tiny_pond
D:7:      layout_loops_corners, lemuel_crystal_altar,
          gammafunk_temple_overflow_wave, enter_bailey_3, serial_undead,
          serial_undead_b, serial_undead_c, serial_undead_b, serial_undead_e,
          serial_shops, shop, shop, shop, shop, kennysheep_mini_moat
D:8:      layout_rooms
D:9:      layout_layer_cave, nicolae_overflow_hidden_temple, uniq_erica,
          uniq_maurice
D:10:     layout_stronghold, dpeg_oklobed_lair,
          nicolae_trove_entry_path_of_doom, uniq_snorg, uniq_urug
D:11:     layout_irregular_city, hiddenorc1_lemuel, serial_shops,
          bzr_entry_dummy, blue_anna_alchemist [blue_anna_fruit_fields,
          blue_anna_fruit_fields], lemuel_altar_in_water2, uniq_fannar
D:12:     layout_cave_pools
D:13:     layout_irregular_city, minmay_three_doors
D:14:     layout_irregular_city, david_vaults_4
D:15:     grunt_enter_depths_giant_problem, layout_loops_ring,
          palyth_stone_intersect, uniq_jorgrun
Lair:1:   gammafunk_cloud_chamber, layout_layer_cave
Lair:2:   layout_regular_city, basic_altar, minivault_19
Lair:3:   layout_hall_layers, spider_nest_entry_web_field,
          chequers_serial_rivers_small_b, st_stairs_5
Lair:4:   layout_misc_corridors, nicolae_swamp_entry_splash_gauntlet,
          lemuel_fruit_fields
Lair:5:   layout_loops_ring, lightli_volcano_entry_magma_tube
Lair:6:   grunt_lair_end_beastmaster, layout_regular_city, slime_altar_1
Swamp:1:  layout_basic_swamp, evilmike_swamp_ruin_rubble_2, swamp_pool4,
          uniq_aizul
Swamp:2:  layout_basic_swamp, gammafunk_ghost_necromancy,
          evilmike_swamp_ruin_house_1, swamp_pool4, nicolae_swamp_stair_fork
Swamp:3:  layout_falls_marsh, serial_swamp_ruin, evilmike_swamp_ruin_house_2,
          hangedman_swamp_ruin_wall
Swamp:4:  swamp_vile, layout_basic_swamp, swamp_pool1
Spider:1: layout_spider_delve, hive_lemuel
Spider:2: layout_chambers, nicolae_orb_island, uniq_kirke
Spider:3: layout_spider_delve, drop_trap, spiders_nest_the_unseen
Spider:4: spider_rune_water
Orc:1:    layout_caves, serial_shops, nicolae_shop_behind_doors,
          statue_in_the_mist_lemuel
Orc:2:    st_orc_ogre_mass, layout_caves, uniq_nessos, uniq_erolcha
Elf:1:    layout_rooms, evilmike_minifort, minmay_shoptagon
Elf:2:    layout_onion_city, serial_shops, shop
Elf:3:    minmay_elf_hall_statues, layout_geoelf_octagon, feat_on_display
Vaults:1: ontoclasm_vaults_loading_screen, st_cross, vaults_mumra_chevron,
          vaults_room_corners, vaults_mumra_hex, v_alt_pattern_2, v_misc_12,
          v_misc_11, vaults_room_fours, nicolae_vaults_circle_grid_a,
          nicolae_vaults_little_squares_6, layout_vaults_omnibox
Vaults:2: minmay_crypt_entry_necro_gods, nicolae_vaults_halls_meeting,
          ontoclasm_vaults_twist, hangedman_vaults_nodes,
          grunt_vaults_hallway_short, v_misc_14, v_rooms_4,
          ontoclasm_vaults_misaligned, v_rooms_1, hangedman_vaults_hat,
          vaults_standard_mumra_enter_the_diamond,
          nicolae_vaults_little_squares_6, layout_vaults_maze_snakey
Vaults:3: v_pattern_2, nicolae_vaults_diagonal_hallway_8, ontoclasm_vaults_chip,
          vaults_standard_mumra_enter_the_diamond, v_misc_4,
          vaults_room_hallway, v_misc_4, ontoclasm_vaults_fault,
          vaults_room_corners, st_octagons_1, vaults_mumra_chevron_long,
          vaults_dpeg_ring, layout_vaults_ring, serial_shops,
          nicolae_shop_behind_doors, uniq_frederick, uniq_donald
Vaults:4: ontoclasm_vaults_eye, st_hourglassy, hangedman_vaults_unwind,
          hangedman_vaults_stagger, nicolae_vaults_shelves_hall,
          layout_vaults_chaotic_city, basic_altar, serial_shops, shop
Vaults:5
Crypt:1:  layout_misc_corridors
Crypt:2:  cheibrodos_crypt_down_in_the_bonehoard, layout_chaotic_city,
          basic_altar
Crypt:3:  church_of_pain_bobbens, layout_chaotic_city,
          nicolae_tomb_entry_unfolded_pyramid_orthogonal, uniq_boris
Depths:1: layout_cave_shapes, enter_ziggurat_c, grunt_metal_band,
          kennysheep_cross_bottleneck, patterned_corridor,
          infiniplex_staircase_pool_lava, firewood_loft, uniq_saint_roka,
          uniq_sojobo
Depths:2: minmay_the_grid_four_pointed_star_mashed
          [minmay_the_grid_triangle_9x9_limited_checkers,
          minmay_the_grid_triangle_9x9_skeleton,
          minmay_the_grid_triangle_9x9_longest,
          minmay_the_grid_triangle_9x9_steps, minmay_the_grid_prize_trominoes],
          layout_gridville, grunt_hell_entry_dis_grunt, pan_entry,
          glass_columns_a, abyss_entry
Depths:3: hangedman_arch_fort, layout_cave_pools, kennysheep_minor_cross,
          hell_entry, abyss_entry, rand_demon_pan_entry_3, uniq_nikola
Depths:4: box_level_dp, hell_entry, abyss_entry, uniq_jory
Depths:5: evilmike_zot_entry_basic, layout_basic, serial_shops,
          nicolae_shop_waterfront, hell_entry, chequers_serial_rivers_micro_d,
          minmay_misc_feat_ornament, minmay_fountain_box,
          minmay_misc_feat_columns, grunt_megastairs_2

Skill      XL: |  1  2  3  4  5  6  7  8  9 10 11 12 13 14 15 16 17 18 19 20 21 22 23 |
---------------+----------------------------------------------------------------------+-----
Spellcasting   | 2 3 4 |  4.0
Fighting       | 1 2 3 4 7 9 11 12 14 15 17 18 19 20 | 20.0
Ice Magic      | 3 4 |  4.8
Stealth        | 2 3 4 |  4.0
Long Blades    | 1 2 5 10 14 16 | 16.6
Armour         | 1 2 6 8 10 12 | 12.9
Slings         | 1 6 10 12 15 17 19 | 19.6
Dodging        | 3 6 8 10 12 13 16 18 19 | 19.5
Shields        | 5 10 12 15 16 | 16.1
Polearms       | 2 9 11 | 11.0
Conjurations   | |  0.8

Action                   |  1- 3 |  4- 6 |  7- 9 | 10-12 | 13-15 | 16-18 | 19-21 | 22-24 || total
-------------------------+-------+-------+-------+-------+-------+-------+-------+-------++-------
Melee: Unarmed           |    44 |       |       |       |       |       |       |       ||    44
       Kick              |     2 |       |       |       |       |       |       |       ||     2
       Dagger            |       |    82 |       |       |       |       |       |       ||    82
       Falchion          |       |    88 |    68 |       |       |       |       |       ||   156
       War axe           |       |       |       |    15 |       |       |       |       ||    15
       Demon blade       |       |       |       |       |    13 |       |       |       ||    13
       Double sword      |       |       |       |       |       |     1 |    60 |   844 ||   905
       Broad axe         |       |       |       |       |       |       |       |     1 ||     1
 Fire: Hunting sling     |       |       |   290 |   838 |  1961 |  2817 |  3416 |   528 ||  9850
Throw: Javelin           |     4 |     6 |     6 |       |       |       |       |       ||    16
       Throwing net      |       |       |     1 |       |       |       |       |       ||     1
       Dart              |       |       |     1 |       |       |       |     4 |     9 ||    14
 Cast: Freeze            |    35 |    12 |       |       |       |       |       |       ||    47
       Ozocubu's Armour  |     1 |     2 |       |       |       |       |       |       ||     3
       Throw Frost       |       |       |       |       |       |     1 |       |       ||     1
Evoke: Wand              |       |    28 |     8 |     5 |    19 |    22 |    12 |    10 ||   104
       Lamp of fire      |       |       |       |       |       |     8 |     7 |     5 ||    20
       Phantom mirror    |       |       |       |       |       |       |     3 |       ||     3
  Use: Scroll            |     3 |     8 |    13 |    12 |    25 |    22 |    27 |    25 ||   135
       Potion            |     2 |     1 |     2 |     4 |    20 |     8 |    13 |    21 ||    71
 Stab: Sleeping          |     2 |     2 |     2 |       |       |       |       |       ||     6
       Distracted        |       |     1 |       |       |       |       |       |     2 ||     3
       Invisible         |       |       |       |       |       |       |       |     2 ||     2
  Eat: Chunk             |     2 |     6 |     7 |     5 |     9 |     1 |    15 |     7 ||    52
       Ration            |       |     1 |     1 |     5 |     8 |    10 |     8 |     7 ||    40
Armor: Robe              |     5 |       |       |       |       |       |       |       ||     5
       Leather armour    |    18 |    76 |    29 |     7 |       |       |    88 |       ||   218
       Ring mail         |       |       |       |    52 |    66 |       |       |       ||   118
       Chain mail        |       |       |       |       |    58 |       |    25 |   271 ||   354
       Storm dragon scal |       |       |       |       |   232 |   614 |   129 |       ||   975
Dodge: Dodged            |    38 |   145 |    74 |   126 |   542 |   819 |   722 |   491 ||  2957
Block: Shield            |       |       |       |       |    57 |   536 |   996 |   713 ||  2302
       Rpst.: Falchion   |       |    16 |    10 |       |       |       |       |       ||    26
       Double sword      |       |       |       |       |       |       |     3 |    76 ||    79
